 Dungeon Crawl Stone Soup version 0.30-a0-165-g1891117ce2 (webtiles) character file.

Game seed: 7221680285500138284

563 qw the Chopper (level 7, 0/43 HPs)
             Began as a Gargoyle Fighter on Sept 28, 2022.
             Slain by Pikel
             ... wielding a +0 whip of flaming
              (1 damage)
             ... on level 5 of the Dungeon.
             The game lasted 00:01:41 (4365 turns).

qw the Chopper (Gargoyle Fighter)                   Turns: 4365, Time: 00:01:42

Health: 0/43       AC: 18    Str: 21    XL:     7   Next: 32%
Magic:  7/7        EV:  6    Int:  9    God:
Gold:   155        SH:  6    Dex: 12    Spells: 6/6 levels left

rFire   . . .      SeeInvis .    Y - +0 war axe (vorpal)
rCold   . . .      Faith    .    a - +2 buckler of Inkunod {rPois Dex+3}
rNeg    + . .      Spirit   .    p - +0 plate armour
rPois   inf        Reflect  .    (no helmet)
rElec   +          Harm     .    (no cloak)
rCorr   .          Rampage  .    (no gloves)
Will    .....                    r - +0 pair of boots
Stlth   ..........               (no amulet)
HPRegen 0.14/turn                (no ring)
MPRegen 0.10/turn                (no ring)

@: no status effects
A: sickness immunity, AC +4, negative energy resistance 1, electricity
resistance, torment resistance 1, petrification resistance
a: no special abilities


You were on level 5 of the Dungeon.
You visited 1 branch of the dungeon, and saw 5 of its levels.

You collected 155 gold pieces.


Innate Abilities, Weirdness & Mutations

You are immune to sickness and miasma.
Your stone body is resilient. (AC +4)
You are immune to poison.
You resist negative energy. (rN+)
You are resistant to electric shocks. (rElec)
You are resistant to unholy torment.
You are immune to petrification.


   Skills:
 - Level 4.0 Fighting
 + Level 6.2 Axes
 - Level 4.4 Armour
 - Level 1.0 Dodging
 - Level 3.2 Shields


You had 6 spell levels left.
You didn't know any spells.
Your spell library was empty.

Inventory:

Hand Weapons
 j - a +0 flail
 Y - a +0 vorpal war axe (weapon)
Armour
 a - the +2 buckler of Inkunod (worn) {rPois Dex+3}
   (You acquired it on level 4 of the Dungeon)

   Dex:       It affects your dexterity (+3).
   rPois:     It protects you from poison.
 p - a +0 plate armour (worn)
 r - a +0 pair of boots (worn)
Scrolls
 l - a scroll of identify
Potions
 d - 2 potions of might
 e - a potion of mutation
 f - a potion of haste
 h - a potion of degeneration {unknown}
 i - a potion of resistance {unknown}
 k - a potion of attraction
 q - a potion of curing {unknown}

Dungeon Overview and Level Annotations

Branches:
Dungeon (5/15)
 Temple: D:4-7

Altars:
Gozag
Kikubaaqudgha
Vehumet

Shops:
D:5 (

Annotations:
D:5 Pikel


Message History

You hit Pikel but do no damage. You miss the lemure.
The lemure barely misses you. The lemure hits you but does no damage.
You block Pikel's attack. The lemure closely misses you.
Pikel hits you with a +0 whip of flaming.
Pikel burns you. The lemure hits you.
You slash the lemure!
You kill the lemure!
That felt strangely unrewarding.
You barely miss Pikel. You hit the lemure.
Pikel hits you with a +0 whip of flaming.
Pikel burns you.
You barely miss the lemure.
The lemure is severely wounded.
You hit Pikel. You closely miss the lemure.
Pikel hits you with a +0 whip of flaming.
Pikel burns you. You block the lemure's attack. The lemure hits you.
You miss the lemure.
The lemure is severely wounded.
You miss Pikel. You barely miss the lemure. You block Pikel's attack.
The lemure barely misses you. The lemure hits you but does no damage.
You hit the lemure but do no damage.
The lemure is severely wounded.
You closely miss Pikel. You hit the lemure.
The lemure hits you but does no damage. Pikel hits you but does no damage.
The lemure hits you but does no damage.
You slash the lemure!
You kill the lemure!
That felt strangely unrewarding.
You closely miss Pikel. You hit the lemure. The lemure completely misses you.
You block Pikel's attack. Pikel hits you but does no damage.
The lemure completely misses you.
You closely miss the lemure.
The lemure is moderately wounded.
You hit Pikel but do no damage.
Pikel says, "Time is money, and you're costing me too much!"
Pikel barely misses you. The lemure hits you.
You hit the lemure but do no damage.
The lemure is moderately wounded.
You hit Pikel but do no damage.
Pikel hits you with a +0 whip of flaming.
You die...
K5

. #. #..########
#..#K@....###
.#.#..5.......##
......8.>.\.<.8#
.#####.!......##
##...##### ##..#
#..# .... ......


You could see Pikel and a lemure.

Vanquished Creatures
  2 ogres
  2 lemures (D:5)
  A scorpion (D:4)
  2 hounds
  2 orc priests
  An orc wizard (D:4)
  3 gnolls
  6 adders
  2 worms
  A dart slug (D:4)
  11 orcs
  11 ball pythons
  7 endoplasms
  6 giant cockroaches
  6 goblins
  9 hobgoblins
  10 jackals
  3 quokkas (D:4)
  3 bats (D:2)
  2 frilled lizards
  6 kobolds
  5 rats
101 creatures vanquished.

Vanquished Creatures (others)
  A plant (D:2)
1 creature vanquished.

Grand Total: 102 creatures vanquished

Notes
Turn   | Place    | Note
-------+----------+-------------------------------------------
     0 | D:1      | qw the Gargoyle Fighter began the quest for the Orb.
     0 | D:1      | Reached XP level 1. HP: 14/14 MP: 1/1
     0 | D:1      | 0 ||| qw: Version: 0.2-a-12-gaebbb33
     0 | D:1      | 0 ||| qw: Game counter: 784
     0 | D:1      | 0 ||| qw: Always use a shield: true
     0 | D:1      | 0 ||| qw: God list: Okawaru
     0 | D:1      | 0 ||| qw: Allow faded altars: false
     0 | D:1      | 0 ||| qw: Do Orc after D:15 true
     0 | D:1      | 0 ||| qw: Do second Lair branch before Depths: true
     0 | D:1      | 0 ||| qw: Lair rune preference: random
     0 | D:1      | 0 ||| qw: Plans: Normal, Zot:1-4, God:TSO, Crypt, Tomb,
                  | Pan, Slime:5, Hells, Abyss, Orb
     0 | D:1      | 0 ||| PLANNING D:1-11
    56 | D:1      | Reached skill level 2 in Axes
   315 | D:1      | Reached XP level 2. HP: 19/19 MP: 2/2
   829 | D:1      | 829 ||| UPGRADING to +0 chain mail.
   839 | D:1      | 839 ||| DROPPING +0 scale mail.
   840 | D:1      | 840 ||| READING scroll labelled RIWAOL CAACSAPRE.
   841 | D:1      | 841 ||| READING scroll labelled BEWOS QECOOFF.
   842 | D:1      | 842 ||| READING scroll labelled UBUKUI FEGYCH.
   843 | D:1      | 843 ||| READING scroll labelled SEYQOWNOIBB.
   844 | D:1      | 844 ||| READING scroll labelled TIMOLIBI MAHUT.
   956 | D:2      | 956 ||| Stepping ~*~*~tactically~*~*~ (stealth).
   984 | D:2      | Reached skill level 3 in Axes
  1035 | D:2      | Reached XP level 3. HP: 23/23 MP: 3/3
  1104 | D:2      | 1104 ||| Stepping ~*~*~tactically~*~*~ (stealth).
  1108 | D:2      | 1108 ||| Stepping ~*~*~tactically~*~*~ (stealth).
  1169 | D:2      | 1169 ||| Stepping ~*~*~tactically~*~*~ (stealth).
  1746 | D:2      | Found a faded altar of an unknown god.
  1749 | D:2      | 1749 ||| READING scroll labelled YWEUFU OTHREOMECYX.
  1750 | D:2      | 1750 ||| READING scroll labelled MAFOAXT TOHEYLL.
  1811 | D:3      | 1811 ||| Stepping ~*~*~tactically~*~*~ (stealth).
  1821 | D:3      | Reached XP level 4. HP: 26/28 MP: 4/4
  1888 | D:3      | 1888 ||| Stepping ~*~*~tactically~*~*~ (stealth).
  1957 | D:3      | Reached skill level 4 in Axes
  2104 | D:3      | 2104 ||| Stepping ~*~*~tactically~*~*~ (stealth).
  2109 | D:3      | 2109 ||| Stepping ~*~*~tactically~*~*~ (stealth).
  2529 | D:3      | Reached XP level 5. HP: 32/32 MP: 5/5
  2669 | D:3      | 2669 ||| READING scroll labelled GEIMICZE UDGHU.
  2770 | D:3      | 2770 ||| READING scroll labelled MUVUITZ SO GIST.
  2771 | D:3      | 2771 ||| DRINKING 2 red potions.
  2772 | D:3      | 2772 ||| READING 3 scrolls of identify.
  2772 | D:3      | 2772 ||| IDENTIFYING smoky dark potion
  2773 | D:3      | 2773 ||| READING 2 scrolls of identify.
  2773 | D:3      | 2773 ||| IDENTIFYING murky red potion
  2774 | D:3      | 2774 ||| DROPPING potion of flight.
  2856 | D:4      | Found an opulent altar of Gozag.
  3153 | D:4      | Reached skill level 5 in Axes
  3212 | D:4      | 3212 ||| Stepping ~*~*~tactically~*~*~ (stealth).
  3214 | D:4      | 3214 ||| Stepping ~*~*~tactically~*~*~ (stealth).
  3269 | D:4      | Reached XP level 6. HP: 38/38 MP: 6/6
  3461 | D:4      | Found an ancient bone altar of Kikubaaqudgha.
  3466 | D:4      | Found a radiant altar of Vehumet.
  3687 | D:4      | 3687 ||| UPGRADING to +0 plate armour.
  3697 | D:4      | 3697 ||| DROPPING +0 chain mail.
  3698 | D:4      | 3698 ||| UPGRADING to +0 pair of boots.
  3703 | D:4      | 3703 ||| READING scroll labelled CENGOD MAOMN.
  3704 | D:4      | 3704 ||| READING scroll labelled XOED KAGAQUIPP.
  3704 | D:4      | Identified a scroll of acquirement
  3704 | D:4      | 3704 ||| ACQUIRING +2 buckler of Inkunod {rPois Dex+3}
  3704 | D:4      | Acquired the +2 buckler of Inkunod {rPois Dex+3}
  3706 | D:4      | 3706 ||| UPGRADING to +2 buckler of Inkunod {rPois Dex+3}.
  3716 | D:4      | 3716 ||| DROPPING +0 buckler.
  3717 | D:4      | 3717 ||| DRINKING 2 fizzy pink potions.
  3718 | D:4      | 3718 ||| READING 3 scrolls of identify.
  3718 | D:4      | 3718 ||| IDENTIFYING emerald potion
  3719 | D:4      | 3719 ||| READING 2 scrolls of identify.
  3719 | D:4      | 3719 ||| IDENTIFYING golden potion
  3720 | D:4      | 3720 ||| DROPPING potion of berserk rage.
  3746 | D:5      | Entered Level 5 of the Dungeon
  3752 | D:5      | 3752 ||| Stepping ~*~*~tactically~*~*~ (stealth).
  3756 | D:5      | 3756 ||| Stepping ~*~*~tactically~*~*~ (stealth).
  3761 | D:5      | 3761 ||| FLEEEEING.
  3762 | D:5      | 3762 ||| FLEEEEING.
  3763 | D:5      | 3763 ||| FLEEEEING.
  3764 | D:5      | 3764 ||| FLEEEEING.
  3765 | D:5      | 3765 ||| STAIRDANCE
  3960 | D:5      | 3960 ||| STAIRDANCE
  3991 | D:5      | 3991 ||| STAIRDANCE
  3995 | D:4      | Reached skill level 6 in Axes
  4042 | D:4      | Reached XP level 7. HP: 38/43 MP: 7/7
  4077 | D:5      | 4077 ||| STAIRDANCE
  4089 | D:4      | Reached skill level 1 in Dodging
  4091 | D:5      | 4091 ||| Stepping ~*~*~tactically~*~*~ (hiding).
  4099 | D:5      | 4099 ||| FLEEEEING.
  4100 | D:5      | 4100 ||| STAIRDANCE
  4150 | D:5      | 4150 ||| STAIRDANCE
  4156 | D:4      | HP: 9/43 [ogre/+0 giant spiked club (2)]
  4157 | D:4      | 4157 ||| READING scroll of teleportation.
  4158 | D:4      | 4158 ||| DRINKING potion of heal wounds.
  4336 | D:5      | Found Pudu Ilo's Weapon Shoppe.
  4339 | D:5      | 4339 ||| SHOPLISTING +3 war axe of flaming (326 gold, have
                  | 155).
  4341 | D:5      | Noticed Pikel
  4342 | D:5      | 4342 ||| Stepping ~*~*~tactically~*~*~ (stealth).
  4344 | D:5      | 4344 ||| Stepping ~*~*~tactically~*~*~ (stealth).
  4345 | D:5      | 4345 ||| Stepping ~*~*~tactically~*~*~ (stealth).
  4360 | D:5      | HP: 10/43 [Pikel/+0 whip of flaming (6)]
  4364 | D:5      | HP: 1/43 [lemure[Pikel] (5)]
  4365 | D:5      | Slain by Pikel

Levels and vault maps discovered:
D:1:      nagdon_arrival_zigzag_paths, layout_loops_ring, minmay_misc_feat_x,
          corexii_item_surrounded_by_moat, wad_floor_pattern_untrapped,
          corexii_leaking_fountain
D:2:      layout_loops_ring, dilly_ecumenical_altar_fadedgnrine,
          minmay_shallow_snake_nest
D:3:      layout_loops_ring
D:4:      layout_basic, mainiacjoe_overflow_concentric_impassable, minitemple,
          kennysheep_generic_room_5
D:5:      layout_cave_pools, minmay_temple_entry_from_below_a, serial_shops,
          nicolae_stop_n_shop_2, uniq_duvessa, uniq_menkaure, uniq_pikel

Skill      XL: |  1  2  3  4  5  6  7 |
---------------+----------------------+-----
Axes           | 2 3 4 5 6 |  6.2
Fighting       | 4 |  4.0
Dodging        | 1 |  1.0
Armour         | 4 |  4.4
Shields        | |  3.2

Action                   |  1- 3 |  4- 6 |  7- 9 || total
-------------------------+-------+-------+-------++-------
Melee: War axe           |   113 |   132 |    41 ||   286
  Use: Scroll            |     7 |     8 |     1 ||    16
       Potion            |       |     2 |     1 ||     3
Armor: Scale mail        |    12 |       |       ||    12
       Chain mail        |    48 |    52 |       ||   100
       Plate armour      |       |    48 |    25 ||    73
Dodge: Dodged            |    32 |    33 |    12 ||    77
Block: Buckler           |    19 |    15 |    18 ||    52

Table legend:
 A = Non-vault XP
 B = Vault XP
 C = Vault XP percentage of total XP
 D = Non-vault monster count
 E = Vault monster count
 F = Vault count percentage of total count
                 A         B        C        D         E       F
            +---------+---------+-------+---------+---------+-------
      Total |     772 |      33 |   4.1 |      94 |       5 |   5.1
            +---------+---------+-------+---------+---------+-------
        D:1 |      20 |       0 |   0.0 |      12 |       0 |   0.0
        D:2 |      38 |      18 |  32.1 |      21 |       3 |  12.5
        D:3 |      89 |       0 |   0.0 |      20 |       0 |   0.0
        D:4 |     446 |      15 |   3.3 |      37 |       2 |   5.1
        D:5 |     179 |       0 |   0.0 |       4 |       0 |   0.0
            +---------+---------+-------+---------+---------+-------
